Map: Dusk Towers

Players

LightDoku - Winner!

  • Race: Zerg Zerg
  • League: Silver

lesha

  • Race: Terran Terran
  • League: Gold

VOD

Have the link to the VOD?

Description

Time

  • Played on: Jan. 10, 2016, 9:03 a.m.
  • Length: 9:38
Show
View Real Time Build Order
Export as new Build Order

LightDoku Zerg - Winner!

Build Orders: Hatch First 

Get SALT Encoding   

  12  0:01  Drone  
  13  0:08  Drone  
  14  0:17  Overlord  
  14  0:35  Drone x3  
  17  0:44  Extractor  
  17  0:48  Drone  
  17  0:58  Drone  
  18  1:08  Hatchery  
  18  1:11  Drone  
  18  1:21  Spawning Pool  
  18  1:24  Drone  
  18  1:30  Drone  
  19  1:43  Drone  
  20  1:57  Drone, Extractor  
  20  2:05  Drone  
  21  2:16  Overlord, Spine Crawler, Queen  
  22  2:25  Drone  
  23  2:31  Zergling x2  
  24  2:43  Drone  
  25  2:45  Drone x2  
  25  2:49  Metabolic Boost  
  27  3:00  Drone x2  
  27  3:01  Queen  
  27  3:02  Drone  
  27  3:04  Drone  
  33  3:10  Baneling Nest  
  32  3:13  Drone  
  32  3:15  Drone  
  34  3:22  Overlord  
  34  3:25  Lair  
  34  3:28  Zergling x4  
  36  3:34  Overlord  
  36  3:37  Overlord  
  36  3:43  Drone  
  36  3:44  Drone  
  36  3:47  Drone  
  39  3:51  Zergling x4  
  41  4:04  Zergling x8  
  45  4:15  Drone x2  
  45  4:16  Drone  
  48  4:19  Zergling x2  
  48  4:20  Zergling x2  
  50  4:25  Centrifical Hooks  
  50  4:28  Zergling x2  
  50  4:29  Zergling x2  
  52  4:31  Baneling  
  52  4:32  Baneling x4  
  52  4:33  Baneling  
  52  4:46  Zergling x2  
  52  4:47  Zergling x6  
  48  5:29  Zergling x16  
  48  5:30  Zergling x6  
  48  5:33  Overlord  
  59  5:48  Roach Warren  
  58  5:52  Hatchery  
  58  5:54  Zergling x4  
  58  5:56  Queen  
  58  6:19  Baneling  
  58  6:20  Baneling x12  
  58  6:30  Roach  
  58  6:31  Roach x3  
  60  7:06  Roach x6  
  72  7:11  Zergling x2  
  72  7:12  Zergling x2  
  72  7:14  Overlord  
  74  7:17  Overlord x4  
  74  7:26  Evolution Chamber x2  
  74  7:27  Drone  
  74  7:28  Drone  
  74  8:10  Roach  
  74  8:11  Roach x13  
  102  8:21  Baneling x13  
  102  8:22  Baneling x5  
  102  8:29  Zergling x2  
  102  8:30  Zergling x18  
Show
View Real Time Build Order
Export as new Build Order

lesha Terran 

Build Orders: Reaper Expand 

Get SALT Encoding   

  12  0:01  SCV  
  13  0:13  SCV  
  14  0:17  Supply Depot  
  14  0:25  SCV  
  15  0:39  SCV  
  15  0:40  Barracks  
  16  0:51  SCV  
  16  0:54  Refinery  
  17  1:03  SCV  
  18  1:15  SCV  
  19  1:31  Orbital Command  
  19  1:39  Reaper  
  20  2:02  Command Center  
  20  2:07  Refinery  
  20  2:13  Supply Depot  
  20  2:15  Barracks Reactor  
  20  2:16  Barracks  
  20  2:34  Factory  
  20  2:36  SCV  
  21  2:48  SCV  
  21  2:59  Marine x2  
  21  3:03  SCV  
  24  3:14  Barracks Tech Lab  
  24  3:15  SCV, Barracks  
  25  3:21  Starport  
  25  3:22  Factory Reactor  
  25  3:24  Marine x2  
  27  3:29  SCV  
  28  3:34  Orbital Command  
  28  3:46  Marine  
  28  3:47  Marine  
  30  3:49  Marauder  
  30  3:54  SCV  
  33  4:06  SCV  
  33  4:07  Barracks Reactor  
  33  4:09  SCV  
  35  4:12  Stimpack  
  35  4:13  Marine x2  
  35  4:14  Medivac  
  35  4:15  Factory Tech Lab  
  39  4:19  SCV  
  40  4:24  SCV  
  40  4:26  Medivac  
  43  4:34  Supply Depot  
  43  4:42  Marine x2  
  43  4:43  Marine  
  46  4:56  SCV x2, Marine x2  
  46  4:57  Engineering Bay  
  50  5:00  Marine  
  42  5:15  Marine x4  
  42  5:18  Marine  
  46  5:33  Marine x4  
  46  5:34  Medivac x2  
  53  5:36  Marine  
  53  5:41  Supply Depot  
  54  5:45  Supply Depot  
  54  6:02  Marine x5  
  54  6:04  Medivac  
  60  6:20  Marine x2  
  60  6:25  SCV  
  63  6:27  SCV  
  64  6:34  Marine  
  65  6:44  SCV  
  51  7:02  Marine x2  
  54  7:17  Marine  
  54  7:28  Barracks  
  54  7:45  Liberator  
  54  7:56  Marine  
  54  7:57  Marine  
  54  7:58  Marine  
  54  8:02  SCV  
  49  8:10  Barracks Reactor  
  49  8:12  SCV  
  49  8:14  SCV, Marine x2  
  49  8:16  Marine  
  53  8:23  Command Center  
  53  8:24  SCV  
  54  8:38  Supply Depot  
  54  8:39  SCV x2, Marine x2  
  48  8:51  SCV  
  48  8:54  Marine x3  
  40  8:56  Marine x2  
  40  9:01  Supply Depot  
  36  9:12  Marine  
  36  9:17  Marine x4  
  32  9:24  Supply Depot  
Tags
 
Add a new tag
Caveats
  • Supply blocks, unpowered buildings, or Contaminate may cause inaccurate times.
  • Supply counts are checked every 10 seconds.